 Dungeon Crawl Stone Soup version 0.15-a0-1224-g3833f9c (webtiles) character file.

10868 Amnesiac the Conjurer (level 11, -4/54 HPs)
             Began as a Deep Elf Wizard on June 2, 2014.
             Was an Elder of Dithmenos.
             Shot with a bolt of flame by a yaktaur (16 damage)
             ... in a volcano.
             The game lasted 01:38:19 (13072 turns).

Amnesiac the Conjurer (Deep Elf Wizard)            Turns: 13072, Time: 01:38:20

HP  -4/54        AC 10     Str  4      XL: 11   Next: 41%
MP  12/32        EV 24     Int 27      God: Dithmenos [****..]
Gold 285         SH  0     Dex 18      Spells:  5 memorised, 20 levels left

rFire  . . .     SeeInvis .     e - +2 dagger (protect)
rCold  . . .     Clarity  .     g - +0 robe
rNeg   . . .     rCorr    .     (no shield)
rPois  .         rRot     .     z - +0 helmet (curse)
rElec  .         Spirit   .     R - +0 cloak
SustAb .         Warding  .     S - +0 pair of gloves
rMut   .         Stasis   .     (no boots)
Gourm  .                        (no amulet)
MR     +....                    (no ring)
                                k - ring of flight

@: agile, wreathed by umbra, somewhat resistant to hostile enchantments, very
stealthy
A: no striking features
a: Shadow Step, Renounce Religion, Evoke Flight


You were in a volcano.
You worshipped Dithmenos.
Dithmenos was greatly pleased with you.
You were hungry.

You visited 3 branches of the dungeon, and saw 12 of its levels.
You also visited: Volcano.

You collected 479 gold pieces.
You spent 194 gold pieces at shops.

Inventory:

Hand weapons
 e - a +2,+2 dagger of protection (weapon)
 q - a +2,+0 dagger of venom
 r - a +0,+0 dagger of distortion
Missiles
 w - 6 needles of frenzy
 x - 5 throwing nets (quivered)
 O - 5 curare-tipped needles
 P - 3 needles of confusion
Armour
 a - a +0 helmet
 g - a +0 robe (worn)
 z - a cursed +0 helmet (worn)
 R - a +0 cloak (worn)
 S - a +0 pair of gloves (worn)
 W - a +0 helmet
Magical devices
 C - a wand of frost (16)
 I - a wand of disintegration (22)
Comestibles
 d - 4 bread rations
 j - 7 meat rations
 m - 6 beef jerkies
 u - a slice of pizza
 B - 8 fruits
Scrolls
 b - 2 scrolls of enchant weapon I
 h - 2 scrolls of recharging
 n - a scroll of enchant weapon III {unknown}
 o - 2 scrolls of teleportation
 p - 2 scrolls of silence {unknown}
 s - 3 scrolls of identify
 y - a scroll of remove curse
 A - a scroll of enchant armour {unknown}
 G - 3 scrolls of amnesia
 H - 3 scrolls of magic mapping
 J - a scroll of blinking {unknown}
 K - 3 scrolls of vulnerability
 Q - a scroll of brand weapon
 U - a scroll of enchant weapon II {unknown}
Jewellery
 k - a ring of flight (left hand)
 D - an uncursed ring of teleportation
Potions
 f - 4 potions of restore abilities
 i - 3 potions of curing
 t - a potion of invisibility
 E - 3 potions of agility
 F - a potion of confusion
 N - a potion of mutation
Books
 c - a book of Minor Magic

   Spells                             Type                      Level
   *Magic Dart                        Conjuration                  1
   *Blink                             Translocation                2
   *Call Imp                          Summoning                    2
   *Repel Missiles                    Charms/Air                   2
   Slow                               Hexes                        2
   Conjure Flame                      Conjuration/Fire             3
   *Mephitic Cloud                    Conjuration/Poison/Air       3
 L - a book of Clouds

   Spells                             Type                      Level
   *Mephitic Cloud                    Conjuration/Poison/Air       3
   Conjure Flame                      Conjuration/Fire             3
   Poisonous Cloud                    Conjuration/Poison/Air       6
   Freezing Cloud                     Conjuration/Ice/Air          6
   Ring of Flames                     Charms/Fire                  7
 M - a book of Annihilations

   Spells                             Type                      Level
   Poison Arrow                       Conjuration/Poison           6
   Chain Lightning                    Conjuration/Air              8
   Lehudib's Crystal Spear            Conjuration/Earth            8
   Glaciate                           Conjuration/Ice              9
   Fire Storm                         Conjuration/Fire             9
Magical staves
 v - an uncursed staff of poison
 X - an uncursed staff of summoning


   Skills:
 + Level 9.5 Short Blades
 - Level 9.0 Dodging
 - Level 10.0 Stealth
 - Level 10.1 Spellcasting
 - Level 10.2 Conjurations
 - Level 1.1 Summonings
 - Level 1.1 Translocations


You had 20 spell levels left.
You knew the following spells:

 Your Spells              Type           Power        Failure   Level  Hunger
a - Repel Missiles        Chrm/Air       ##....       8%          2    None
b - Blink                 Tloc           N/A          4%          2    None
d - Call Imp              Summ           ###.....     4%          2    None
e - Mephitic Cloud        Conj/Pois/Air  ####....     3%          3    None
z - Magic Dart            Conj           ####         1%          1    None


Dungeon Overview and Level Annotations

Branches:
Dungeon (8/15)             Temple (1/1) D:7            Lair (3/8) D:8
  Swamp: Lair:3-6    Shoals: Lair:3-6     Snake: Lair:3-6    Spider: Lair:3-6

Altars:
Ashenzari
Cheibriados
Dithmenos
Elyvilon
Fedhas
Gozag
Kikubaaqudgha
Makhleb
Nemelex Xobeh
Okawaru
Qazlal
Sif Muna
Trog
Vehumet
Xom
Yredelemnul
Zin
The Shining One
Lugonu

Shops:
D:6 }   D:7 !?:*


Message History

Unknown command.
Drink which item? (? for menu, Esc to quit)
Okay, then.
Read which item? (? for menu, Esc to quit)
Okay, then.
Unknown command.
Casting: Magic Dart
Confirm with . or Enter, or press ? or * to list all spells.
Okay, then.
Unknown command.
Unknown command.
Drink which item? (? for menu, Esc to quit)
You feel better.
The centaur hits the yaktaur.
The yaktaur shoots a bolt of flame.
The bolt of flame hits you! The bolt of flame burns you.
Drink which item? (? for menu, Esc to quit)
You feel agile all of a sudden.
The centaur barely misses the yaktaur.
The yaktaur shoots a bolt of flame.
The bolt of flame hits you!
You die... ≈≈≈§≈§≈≈≈≈§§≈≈≈.§≈§§≈.≈≈§≈§≈§≈≈≈≈ §≈≈≈≈§≈............§.....§§§≈≈≈≈≈ ≈§§≈§≈≈.#################§§§≈§≈§≈ §§≈≈≈≈≈.# +.....' #..§§≈≈§≈ ≈≈≈≈≈≈≈.# .8_8§ #.≈§§≈≈≈≈ ≈≈≈≈≈≈≈.# ccc

#..≈§≈≈§≈
§§≈≈≈≈§§###++###'###++###.≈≈§≈≈§≈
§≈≈≈≈§≈.#......#.#......#.≈≈≈≈§≈§
≈≈≈≈≈§≈.######.#@#.######.§≈≈≈≈≈.
≈≈≈≈≈§≈§# #.# #.≈≈≈≈..§ ≈§≈≈≈≈§.#
#.# #..§..≈≈§ §≈≈≈≈≈≈.# #.#
#...≈≈≈≈≈ ≈≈≈≈≈≈..# #.# #.≈≈≈≈≈≈§
≈§≈≈≈§§§########'########§≈≈≈§§§§
≈≈≈§≈§§≈§.§§......§....§.≈≈§§§§§≈
§≈≈≈≈§§≈§≈§§≈≈§§≈≈≈§≈≈≈§≈§≈≈§≈≈≈≈
≈≈≈≈≈≈§§§≈≈§≈≈≈§≈≈§§≈≈≈§§≈≈§§≈≈≈≈


You could see 2 yaktaurs and a centaur (confused).

Vanquished Creatures
  Harold (Lair:2)
  A centaur warrior (Volcano)
  Nergalle (Lair:1)
  Pikel (D:4)
  A spiny frog (Lair:2)
  A komodo dragon (Lair:1)
  Grinder (D:4)
  9 blink frogs (Lair:1)
  Duvessa (D:5)
  A basilisk (Lair:1)
  A wyvern (D:8)
  An elephant slug (Lair:2)
  A hippogriff (Lair:2)
  5 yaks (Lair:1)
  Edmund (D:4)
  4 wolves
  A water moccasin (Lair:1)
  5 porcupines
  2 phantoms
  An orc warrior (D:7)
  A sky beast (D:6)
  4 ogres
  3 centaurs
  4 lava worms (Volcano)
  11 crocodiles
  Sigmund (D:7)
  A big kobold (D:7)
  2 giant slugs (Lair:1)
  7 giant frogs
  A jelly (D:6)
  A hippogriff zombie (D:6)
  4 scorpions
  A troll zombie (D:6)
  4 lava snakes (Volcano)
  A quasit (D:6)
  2 goliath beetles (D:7)
  Dowan (D:4)
  2 crimson imps
  6 hounds
  3 orc priests
  2 orc wizards
  11 iguanas
  5 worker ants
  A hound zombie (D:8)
  10 adders
  7 gnolls
  A steam dragon zombie (D:8)
  6 green rats (Lair:2)
  A shadow imp (D:7)
  2 giant mites
  2 worms
  7 giant geckos
  24 orcs
  7 giant cockroaches
  13 goblins
  11 hobgoblins
  4 jackals (Lair:2)
  An ooze (D:3)
  6 quokkas
  10 bats
  6 giant newts
  A giant newt zombie (D:5)
  2 hobgoblin skeletons
  24 kobolds
  2 orc zombies
  9 rats
  A rat skeleton (D:6)
  2 ballistomycetes (D:7)
  A plant (Lair:2)
279 creatures vanquished.

Vanquished Creatures (collateral kills)
  An orc (D:4)
1 creature vanquished.

Vanquished Creatures (others)
  2 slaves (D:5)
  A giant frog zombie (D:5)
  2 crimson imps
  A white imp (D:4)
  2 shadow imps (D:4)
  A bat zombie (D:5)
  A giant spore (D:7)
10 creatures vanquished.

Grand Total: 290 creatures vanquished

Notes
Turn   | Place    | Note
--------------------------------------------------------------
     0 | D:1      | Amnesiac, the Deep Elf Wizard, began the quest for the Orb.
     0 | D:1      | Reached XP level 1. HP: 10/10 MP: 6/6
   414 | D:1      | Reached XP level 2. HP: 15/15 MP: 4/9
   418 | D:1      | Learned a level 2 spell: Call Imp
   421 | D:1      | Learned a level 2 spell: Repel Missiles
   424 | D:1      | Learned a level 2 spell: Blink
   737 | D:4      | Found a shattered altar of Ashenzari.
   737 | D:4      | Found a blossoming altar of Fedhas.
   946 | D:4      | Reached XP level 3. HP: 17/19 MP: 6/12
   951 | D:4      | Learned a level 3 spell: Mephitic Cloud
  1053 | D:4      | Noticed Grinder
  1188 | D:4      | Noticed a scorpion
  1200 | D:4      | Killed a scorpion
  1200 | D:4      | Reached XP level 4. HP: 24/24 MP: 1/15
  1347 | D:4      | Paralysed by Grinder for 7 turns
  1416 | D:5      | Entered Level 5 of the Dungeon
  1524 | D:5      | Reached skill level 5 in Conjurations
  1629 | D:6      | Reached XP level 5. HP: 28/28 MP: 5/18
  1631 | D:6      | Reached skill level 5 in Spellcasting
  1736 | D:6      | Found Ylistrah's Gadget Emporium.
  1746 | D:6      | Learned a level 3 spell: Conjure Flame
  1893 | D:6      | Found a white marble altar of Elyvilon.
  1918 | D:6      | Reached skill level 6 in Conjurations
  1918 | D:6      | Reached XP level 6. HP: 17/32 MP: 1/21
  2026 | D:6      | Found a shadowy altar of Dithmenos.
  2034 | D:6      | Became a worshipper of Dithmenos the Shadowed
  2062 | D:5      | Noticed an ogre
  2068 | D:5      | Killed an ogre
  2199 | D:4      | Was placed under penance by Dithmenos
  2201 | D:4      | Fell from the grace of Dithmenos
  2204 | D:4      | Killed Grinder
  2204 | D:4      | Reached skill level 7 in Conjurations
  2204 | D:4      | Reached XP level 7. HP: 31/36 MP: 18/24
  2247 | D:5      | Noticed a sky beast
  2301 | D:6      | Became a worshipper of Dithmenos the Shadowed
  2309 | D:6      | Killed a sky beast
  3036 | D:2      | Reached skill level 8 in Conjurations
  3497 | D:3      | Noticed a giant frog
  4138 | D:4      | Noticed Edmund
  4281 | D:4      | Killed Edmund
  4281 | D:4      | Reached XP level 8. HP: 41/41 MP: 20/27
  4533 | D:5      | Noticed a slave
  4534 | D:5      | Noticed Duvessa
  4534 | D:5      | Noticed Dowan
  4535 | D:5      | Noticed Pikel
  4537 | D:5      | Noticed a slave
  4561 | D:4      | Killed Pikel
  4561 | D:4      | Reached skill level 9 in Conjurations
  4688 | D:5      | Killed a freed slave
  4696 | D:4      | Killed Dowan
  4913 | D:5      | Noticed a freed slave
  4914 | D:5      | Noticed a freed slave
  4924 | D:5      | Killed a freed slave
  4931 | D:5      | Killed Duvessa
  4931 | D:5      | Reached skill level 10 in Conjurations
  4987 | D:5      | Noticed an ogre
  4993 | D:5      | Killed an ogre
  5187 | D:5      | Noticed an ogre
  5199 | D:5      | Killed an ogre
  5571 | D:6      | Reached skill level 10 in Spellcasting
  5582 | D:6      | Acquired Dithmenos' first power
  6266 | D:7      | Reached XP level 9. HP: 40/45 MP: 27/30
  6330 | D:7      | Noticed Sigmund
  6403 | D:7      | Killed Sigmund
  6471 | D:7      | Found Qireomef's Assorted Antiques.
  6481 | D:7      | Bought a scroll labeled WYRPHOO COXKOJUXT for 19 gold pieces
  6481 | D:7      | Bought a scroll labeled SHANWE TEMO for 19 gold pieces
  6481 | D:7      | Bought a scroll labeled UTOGHOLOQE for 19 gold pieces
  6481 | D:7      | Bought a scroll labeled DUTZUUPTAN for 19 gold pieces
  6481 | D:7      | Bought a bone wand for 76 gold pieces
  6517 | D:7      | Found Mula Thru's Magic Scroll Boutique.
  6549 | D:7      | Reached skill level 5 in Dodging
  6565 | D:7      | Bought a scroll of magic mapping for 42 gold pieces
  6634 | D:7      | Found Khibic's Book Boutique.
  6846 | D:7      | Found a staircase to the Ecumenical Temple.
  6877 | Temple   | Entered the Ecumenical Temple
  6982 | D:7      | Found Schuasodu's Distillery.
  7142 | D:7      | Found a bloodstained altar of Trog.
  7144 | D:7      | Found a snail-covered altar of Cheibriados.
  7145 | D:7      | Found a glowing golden altar of the Shining One.
  7146 | D:7      | Found a glowing silver altar of Zin.
  7147 | D:7      | Found a basalt altar of Yredelemnul.
  7290 | D:8      | Found a staircase to the Lair.
  7723 | D:8      | Acquired Dithmenos' second power
  7739 | D:8      | Found an ancient bone altar of Kikubaaqudgha.
  8513 | Lair:1   | Entered Level 1 of the Lair of Beasts
  8560 | Lair:1   | Reached skill level 5 in Stealth
  8843 | Lair:1   | Reached XP level 10. HP: 43/50 MP: 31/31
  9319 | Lair:1   | Reached skill level 10 in Stealth
  9335 | Lair:1   | Reached skill level 1 in Short Blades
  9517 | Lair:1   | Acquired Dithmenos' third power
 10091 | Lair:1   | Noticed Nergalle
 10269 | Lair:1   | Killed Nergalle
 10269 | Lair:1   | Reached skill level 5 in Short Blades
 10533 | Lair:2   | Found an iron altar of Okawaru.
 10569 | Lair:2   | Reached XP level 11. HP: 54/54 MP: 23/32
 11252 | Lair:2   | Noticed Harold
 11563 | Lair:2   | Killed Harold
 12466 | Lair:3   | Found a dark tunnel.
 12511 | Volcano  | Entered a volcano
 13053 | Volcano  | Found a bloodstained altar of Trog.
 13053 | Volcano  | Noticed a centaur warrior
 13067 | Volcano  | Killed a centaur warrior
 13072 | Volcano  | Shot with a bolt of flame by a yaktaur

Action                   |  1- 3 |  4- 6 |  7- 9 | 10-12 || total
-------------------------+-------+-------+-------+-------++-------
Melee: Dagger            |     1 |     3 |    96 |   144 ||   244
 Cast: Magic Dart        |    63 |    59 |   512 |   387 ||  1021
       Repel Missiles    |     1 |       |       |       ||     1
       Call Imp          |     3 |     5 |     4 |     1 ||    13
       Blink             |     1 |     4 |    16 |    19 ||    40
       Mephitic Cloud    |     1 |     2 |    36 |    31 ||    70
       Conjure Flame     |       |     7 |       |       ||     7
Evoke: Wand              |       |       |     3 |     3 ||     6
  Use: Scroll            |       |     1 |    18 |     3 ||    22
       Potion            |       |       |       |     4 ||     4
 Stab: Sleeping          |       |     1 |     1 |     6 ||     8
       Confused          |       |       |     9 |     9 ||    18
       Distracted        |       |       |     1 |       ||     1
